 Dungeon Crawl Stone Soup version 0.31-a0-986-g5e6e4ef867 (webtiles) character file.

Game seed: 14700172577189829203

343 demibob the Poker (level 6, 0/54 HPs)
             Began as a Deep Elf Chaos Knight on Nov 8, 2023.
             Was a Plaything of Xom.
             Slain by a gnoll
             ... wielding a +0 halberd
              (6 damage)
             ... on level 4 of the Dungeon.
             The game lasted 00:04:57 (3140 turns).

demibob the Poker (Deep Elf Chaos Knight)           Turns: 3140, Time: 00:04:59

Health: 0/54       AC: 23    Str:  9    XL:     6   Next: 31%
Magic:  17/17      EV:  2    Int: 19    God:    Xom [..*...]
Gold:   187        SH:  0    Dex: 14    Spells: 4/5 levels left

rFire   + . .        a - +0 spear (chaos)
rCold   . . .        (no shield)
rNeg    . . .        b - melded +2 leather armour
rPois   +            k - melded +1 hat
rElec   .            h - melded +0 cloak
rCorr   .            (gloves currently unavailable)
SInv    .            m - melded +0 pair of boots
Will    .....        (no amulet)
Stlth   +            F - ring of protection from fire
HPRegen 0.29/turn    M - ring of magical power
MPRegen 0.15/turn

%: no passive effects
@: tree-form
A: stationary, stasis, torment immunity, boosted hp
a: Renounce Religion


You were on level 4 of the Dungeon.
You worshipped Xom.
You were a toy of Xom.
You were a tree.
You visited 1 branch of the dungeon, and saw 4 of its levels.

You collected 187 gold pieces.


   Skills:
 - Level 2.4 Fighting
 + Level 4.4 Polearms
 - Level 0.7 Armour
 - Level 2.4 Dodging
 + Level 4.2 Poison Magic


You had 4 spell levels left.
You knew the following spells:

 Your Spells              Type           Power      Damage    Failure   Level
z - Sting                 Tmut/Pois      32%        1d4       9%          1

Your spell library contained the following spells:

 Spells                   Type           Power      Damage    Failure   Level
 Poisonous Vapours        Pois/Air       16%        N/A       13%         2
 Shock                    Conj/Air       0%         1d3       21%         1
 Olgreb's Toxic Radiance  Pois           16%        N/A       36%         4
 Dazzling Flash           Conj/Hex       0%         N/A       52%         3
 Swiftness                Air            0%         N/A       52%         3
 Airstrike                Air            0%         2d(0-16)  90%         4
 Agony                    Necr           0%         N/A       99%         5
 Silence                  Hex/Air        0%         N/A       99%         5

Inventory:

Hand Weapons
 a - a +0 spear of chaos (weapon)
Armour
 b - a +2 leather armour (melded)
 h - a +0 cloak (melded)
 k - a +1 hat (melded)
 m - a +0 pair of boots (melded)
Jewellery
 F - a ring of protection from fire (left branch)
 M - a ring of magical power (right branch)
Scrolls
 d - 4 scrolls of identify {@r1}
 e - a scroll of teleportation {@r2}
 f - a scroll of blinking
 g - a scroll of fog
Potions
 i - a potion of attraction
 j - 3 potions of resistance

Dungeon Overview and Level Annotations

Branches:
Dungeon (4/15)
 Temple: D:4-7

Altars:

##### ####
▓##...▒▒...▒
▓..▒......#
▓...▒....#
▓...§▒hg#...#
▓...§♣#▒...▒#
▓...§§# .gg▒
▓▓▓.▓## .▒..#
▓..# ▒.▒.#
▓▓▓▓.# ▒ [#
▓.>..# # ▓.
▓....# ▓▓.
▓....# >..
▓....# ....


You could see a gnoll and a jackal (agile).


Message History

Okay, then.
You hit the gnoll. You drain the gnoll.
The gnoll is almost dead.
The jackal bites you but does no damage.
The gnoll hits you but does no damage. The gnoll hits you with a +0 whip.
* * * LOW HITPOINT WARNING * * *
You emit a cloud of colourful smoke!
The gnoll hits you but does no damage.
You barely miss the gnoll.
The gnoll is almost dead.
The jackal bites you but does no damage.
The gnoll hits you but does no damage. x3
You hit the gnoll. Lightning courses through the gnoll!
You kill the gnoll!
The jackal bites you but does no damage.
The gnoll hits you but does no damage. x2
You cannot move.
You cannot move.
Unknown command.
You hit the gnoll but do no damage.
The gnoll is poisoned.
The gnoll is heavily wounded.
The jackal bites you but does no damage.
You hit the gnoll.
The gnoll seems to grow stronger.
The gnoll is almost dead.
You kill the gnoll!
The jackal bites you.
* * * LOW HITPOINT WARNING * * *
The gnoll hits you from afar with a +0 halberd.
You die... "Huh?
Did I miss anything?"

Skill      XL: |  1  2  3  4  5  6 |
---------------+-------------------+-----
Polearms       | 3 4 |  4.4
Poison Magic   | 1 2 3 4 |  4.2
Fighting       | |  2.4
Armour         | |  0.7
Dodging        | |  2.4

Action                     |  1- 3 |  4- 6 || total
---------------------------+-------+-------++-------
  Melee: Spear             |   128 |   156 ||   284
         Punch             |       |     2 ||     2
   Cast: Sting             |       |     3 ||     3
    Use: Scroll            |     6 |     5 ||    11
         Potion            |       |     2 ||     2
   Stab: Sleeping          |     2 |     1 ||     3
 Armour: Leather armour    |    34 |    66 ||   100
         Skin              |       |    52 ||    52
  Dodge: Dodged            |    48 |    78 ||   126

Levels and vault maps discovered:
D:1:      mainiacjoe_arrival_oval_in_oval, layout_basic,
          corexii_item_surrounded_by_moat, hex_medium, minmay_fountain_box,
          st_stairs_13
D:2:      layout_basic
D:3:      minmay_razor_zed, layout_rooms, chequers_ecumenical_altar_lobes,
          uniq_jessica
D:4:      layout_rooms, mainiacjoe_overflow_alcove_1,
          amcnicky_mini_corridor_feature, hangedman_decor_slide_cut

Notes
Turn   | Place    | Note
-------+----------+-------------------------------------------
     0 | D:1      | demibob the Deep Elf Chaos Knight began the quest for the
                  | Orb.
     0 | D:1      | Reached XP level 1. HP: 13/13 MP: 3/3
   104 | D:1      | XOM: silly message
   254 | D:1      | Reached XP level 2. HP: 18/18 MP: 4/4
   578 | D:1      | Reached skill level 3 in Polearms
   654 | D:1      | XOM: silly message
   708 | D:1      | Learned a level 1 spell: Sting
   846 | D:1      | Identified a potion of resistance
   944 | D:2      | Reached XP level 3. HP: 22/22 MP: 5/5
  1876 | D:3      | Reached skill level 1 in Poison Magic
  1972 | D:3      | Found a faded altar of an unknown god.
  2027 | D:3      | Noticed Jessica
  2031 | D:3      | Killed Jessica
  2032 | D:3      | Reached XP level 4. HP: 26/27 MP: 6/6
  2036 | D:3      | Reached skill level 2 in Poison Magic
  2767 | D:4      | XOM: noise
  2769 | D:4      | XOM: divination: magic mapping
  2773 | D:4      | XOM: cast spell 'Summon Hydra'
  2775 | D:4      | Reached XP level 5. HP: 10/31 MP: 7/7
  2776 | D:4      | Reached skill level 3 in Poison Magic
  2779 | D:4      | Reached skill level 4 in Polearms
  2933 | D:4      | XOM: cast spell 'Olgreb's Toxic Radiance'
  2936 | D:4      | Reached XP level 6. HP: 23/36 MP: 8/8
  2948 | D:4      | Reached skill level 4 in Poison Magic
  3136 | D:4      | XOM: smoke on damage
  3140 | D:4      | Slain by a gnoll

Vanquished Creatures
  A scorpion (D:4)
  A jelly (D:4)
  A hound (D:4)
  Jessica (D:3)
  2 adders (D:3)
  2 gnolls (D:4)
  2 worms (D:3)
  4 dart slugs
  6 orcs
  4 ball pythons
  4 bats
  7 endoplasms
  3 giant cockroaches
  7 goblins
  6 hobgoblins
  3 jackals
  5 kobolds
  3 quokkas
  5 frilled lizards
  8 rats
75 creatures vanquished.

Vanquished Creatures (collateral kills)
  A gnoll bouda (D:4)
  5 gnolls (D:4)
6 creatures vanquished.

Grand Total: 81 creatures vanquished

Table legend: (Time is in decaauts)
 A = Elapsed time spent in this place.
 B = Non-inter-level travel time spent in this place.
 C = Inter-level travel time spent in this place.
 D = Time resting spent in this place.
 E = Time spent auto-exploring this place.
 F = Levels seen in this place.
 G = Mean time per level.
                   A        B        C        D        E       F      G
               +--------+--------+--------+--------+--------+-----+--------+
         Total |   3119 |   3036 |     83 |    149 |   2325 |   4 |  779.8 |
       Dungeon |   3119 |   3036 |     83 |    149 |   2325 |   4 |  779.8 |
               +--------+--------+--------+--------+--------+-----+--------+

Top non-repeatable levels by time:
     D:3: 920 daAuts
     D:1: 911 daAuts
     D:2: 739 daAuts
     D:4: 547 daAuts

Table legend:
 A = Non-vault XP
 B = Vault XP
 C = Vault XP percentage of total XP
 D = Non-vault monster count
 E = Vault monster count
 F = Vault count percentage of total count
                 A         B        C        D         E       F
            +---------+---------+-------+---------+---------+-------
      Total |     425 |      80 |  15.8 |      64 |      16 |  20.0
            +---------+---------+-------+---------+---------+-------
        D:1 |      37 |       1 |   2.6 |      23 |       1 |   4.2
        D:2 |      15 |       0 |   0.0 |       9 |       0 |   0.0
        D:3 |      35 |      79 |  69.3 |      10 |      15 |  60.0
        D:4 |     338 |       0 |   0.0 |      22 |       0 |   0.0
            +---------+---------+-------+---------+---------+-------
